 Dungeon Crawl Stone Soup version 0.23-a0-577-g2b1de94 (webtiles) character file.

2052 CougarLife the Grappler (level 9, 81/81 HPs)
             Began as a Troll Monk on Dec 15, 2018.
             Was an Initiate of Ru.
             Quit the game on level 7 of the Dungeon.
             The game lasted 00:08:01 (5945 turns).

CougarLife the Grappler (Troll Monk)                Turns: 5945, Time: 00:08:01

Health: 81/81      AC:  6    Str: 23    XL:     9   Next: 4%
Magic:  8/8        EV: 12    Int:  7    God:    Ru [......]
Gold:   424        SH:  0    Dex: 12    Spells: 8/8 levels left

rFire    . . .     SeeInvis .     - Unarmed
rCold    . . .     Gourm    +   (no shield)
rNeg     . . .     Faith    .   j - +1 robe {MR+}
rPois    .         Spirit   .   (helmet restricted)
rElec    .         Reflect  .   (no cloak)
rCorr    .         Harm     .   (gloves unavailable)
MR       +....                  (boots unavailable)
Stlth    ++........             (no amulet)
HPRegen  0.63/turn              (no ring)
MPRegen  0.11/turn              (no ring)

@: no status effects
A: large, unfitting armour, claws 3, fast metabolism 3, gourmand, regeneration
1, shaggy fur 1, tough skin 2
a: Sacrifice Essence, Sacrifice Words, Sacrifice a Hand, Reject Sacrifices,
Renounce Religion


You were on level 7 of the Dungeon.
You worshipped Ru.
Ru was noncommittal.
You were not hungry.

You visited 2 branches of the dungeon, and saw 8 of its levels.
You also visited: Sewer.

You collected 424 gold pieces.

Inventory:

Armour
 j - a +1 robe of magic resistance (worn)
Jewellery
 y - an uncursed ring of ice
Wands
 a - a wand of paralysis (14)
 r - a wand of iceblast (9)
 x - a wand of scattershot (6)
Scrolls
 c - 2 scrolls of identify
 f - 10 scrolls of teleportation
 g - 3 scrolls of enchant armour
 i - 5 scrolls of remove curse
 k - 4 scrolls of fog
 n - 3 scrolls of fear
 o - 2 scrolls of noise {unknown}
 p - a scroll of magic mapping {unknown}
 u - a scroll of enchant weapon {unknown}
 z - a scroll of vulnerability {unknown}
Potions
 d - 4 potions of curing {unknown}
 e - a potion of ambrosia {unknown}
 h - 4 potions of heal wounds {unknown}
 l - 6 potions of flight
 m - 4 potions of agility {unknown}
 q - 2 potions of might {unknown}
 s - 2 potions of resistance {unknown}
 v - a potion of berserk rage {unknown}
 w - 2 potions of haste
 A - 3 potions of magic {unknown}
Comestibles
 b - 15 rations


   Skills:
 - Level 3.0 Fighting
 - Level 5.1 Dodging
 - Level 1.0 Stealth
 + Level 10.7 Unarmed Combat


You had 8 spell levels left.
You didn't know any spells.
Your spell library was empty.

Dungeon Overview and Level Annotations

Branches:
Dungeon (7/15)             Temple (1/1) D:7

Altars:
Ashenzari
Cheibriados
Dithmenos
Elyvilon
Fedhas
Gozag
Hepliaklqana
Kikubaaqudgha
Makhleb
Nemelex Xobeh
Okawaru
Qazlal
Ru
Sif Muna
Trog
Uskayaw
Vehumet
Xom
Yredelemnul
The Shining One


Innate Abilities, Weirdness & Mutations

You are too large for most types of armour.
You have claws for hands.
Your metabolism is lightning-fast.
You like to eat raw meat.
Your natural rate of healing is unusually fast.
You are covered in fur. (AC +1)
You have very tough skin. (AC +2)


Message History

The phantom is almost destroyed.
The phantom barely misses you.
You claw the phantom!
You destroy the phantom!
No target in view!
No target in view!
No target in view!
No target in view!
No target in view!
No target in view!
Found 23 poisoned needles.
Ru believes you are ready to make a new sacrifice.
Ru asks you to sacrifice your ability to read while threatened.
This is a significant sacrifice.
Piety after sacrifice: *.....
Do you really want to make this sacrifice?
Okay, then.
Unknown command.
Unknown command.
Unknown command.
Are you sure you want to abandon this character and quit the game? (Confirm

#.# #.# #.####
#....## #.#.#.##
#..#.#.# ###.#...#.
##########(.#.....#
#.@.........#.≈≈≈.#
#.##.######.#≈...≈#
#. ### #.#≈._.≈# #.
#.#≈...≈# #.
#.#.≈≈≈.# #.
..#.....# ##
##.#...#. #..#.#..
....#...


There were no monsters in sight!

Vanquished Creatures
  Sigmund (D:2)
  2 sky beasts
  A phantom (D:7)
  2 ogres
  3 bullfrogs
  3 scorpions
  A howler monkey (D:4)
  2 crimson imps
  A hound (D:4)
  2 centaur zombies
  2 jellies
  2 orc priests
  Ijyb (D:5)
  Natasha (twice) (D:4)
  An iguana (D:5)
  5 worker ants
  5 orc wizards
  A merfolk avatar (Sewer)
  A merfolk siren (Sewer)
  A killer bee zombie (D:5)
  16 adders
  2 river rats (Sewer)
  2 shadow imps
  An adder skeleton (D:4)
  4 worms
  4 dart slugs
  7 leopard geckos
  34 orcs
  5 ball pythons (Sewer)
  12 giant cockroaches
  11 goblins
  9 hobgoblins
  4 jackals
  7 kobolds
  4 quokkas
  8 bats
  12 frilled lizards
  A jackal skeleton (D:4)
  38 rats
  A fungus (D:2)
  A plant (D:2)
222 creatures vanquished.

Vanquished Creatures (others)
  A frilled lizard (D:3)
1 creature vanquished.

Grand Total: 223 creatures vanquished

Notes
Turn   | Place    | Note
-------+----------+-------------------------------------------
     0 | D:1      | CougarLife the Troll Monk began the quest for the Orb.
     0 | D:1      | Reached XP level 1. HP: 22/22 MP: 0/0
   332 | D:1      | Reached XP level 2. HP: 29/29 MP: 1/1
   826 | D:1      | Reached XP level 3. HP: 37/37 MP: 2/2
   901 | D:2      | Noticed Sigmund
   908 | D:2      | Killed Sigmund
   908 | D:2      | Reached skill level 5 in Unarmed Combat
   908 | D:2      | Reached XP level 4. HP: 39/45 MP: 3/3
   908 | D:2      | Reached XP level 5. HP: 46/53 MP: 4/4
  1113 | D:2      | Found a blossoming altar of Fedhas.
  1121 | D:2      | Found a stormy altar of Qazlal.
  1835 | D:3      | Reached skill level 6 in Unarmed Combat
  1856 | D:3      | Reached XP level 6. HP: 61/61 MP: 5/5
  1869 | D:3      | Found a shattered altar of Ashenzari.
  2038 | D:3      | Found a radiant altar of Vehumet.
  2601 | D:4      | Reached XP level 7. HP: 44/67 MP: 6/6
  2689 | D:4      | Reached skill level 5 in Dodging
  2759 | D:4      | Found a bloodstained altar of Trog.
  2797 | D:4      | Noticed Natasha
  2809 | D:4      | Found a hide-covered altar of Uskayaw.
  2818 | D:4      | Killed Natasha
  3088 | D:4      | Noticed Natasha
  3092 | D:4      | Killed Natasha
  3195 | D:5      | Entered Level 5 of the Dungeon
  3200 | D:5      | Noticed Ijyb
  3212 | D:5      | Killed Ijyb
  3216 | D:5      | Reached skill level 7 in Unarmed Combat
  3435 | D:5      | Found a glowing golden altar of the Shining One.
  3490 | D:5      | Found a stormy altar of Qazlal.
  3534 | D:5      | Found a snail-covered altar of Cheibriados.
  3657 | D:5      | Reached XP level 8. HP: 57/75 MP: 7/7
  3748 | D:5      | Reached skill level 8 in Unarmed Combat
  4232 | D:6      | Found a glowing drain.
  4255 | D:6      | Reached skill level 9 in Unarmed Combat
  4302 | Sewer    | Entered a sewer
  4800 | D:6      | Found a sparkling altar of Nemelex Xobeh.
  5013 | D:6      | Reached skill level 10 in Unarmed Combat
  5557 | D:7      | Found a staircase to the Ecumenical Temple.
  5570 | Temple   | Entered the Ecumenical Temple
  5906 | D:7      | Reached XP level 9. HP: 81/81 MP: 8/8
  5910 | D:7      | Found a sacrificial altar of Ru.
  5927 | D:7      | Became a worshipper of Ru the Awakened
  5945 | D:7      | Quit the game

Vault maps used:
D:1:      dpeg_arrival_concentric_ovals
D:2:      grunt_temple_overflow_forces_of_nature, patterned_corridor,
          uniq_sigmund
D:3:      fiery_altar_vehumet, nicolae_overflow_crystal_walls, first_ration
D:4:      old_standard_altar, old_standard_altar, uniq_natasha
D:5:      kennysheep_slug_shrine, lemuel_crystal_altar,
          nicolae_qazlal_general_emergency, uniq_ijyb
D:6:      overflow_temple_1_default, gup_sewer_entry_glass
D:7:      nicolae_ru_awakened_eye, kennysheep_little_box,
          minmay_temple_entry_grid
Temple:   jpeg_temple_alley_garden
Sewer:    sewer_sea

Skill      XL: |  1  2  3  4  5  6  7  8 |
---------------+-------------------------+-----
Fighting       | 3 |  3.0
Dodging        | 3 4 5 |  5.1
Unarmed Combat | 5 6 7 10 | 10.7
Stealth        | |  1.0

Action                   |  1- 3 |  4- 6 |  7- 9 || total
-------------------------+-------+-------+-------++-------
Melee: Unarmed           |    52 |   203 |   313 ||   568
       Punch             |       |     3 |     7 ||    10
  Use: Scroll            |       |       |     6 ||     6
 Stab: Sleeping          |     9 |     4 |     2 ||    15
  Eat: Chunk             |    14 |    15 |    27 ||    56
Armor: Robe              |    14 |    66 |    76 ||   156
Dodge: Dodged            |    17 |   119 |   152 ||   288

Table legend:
 A = Non-vault XP
 B = Vault XP
 C = Vault XP percentage of total XP
 D = Non-vault monster count
 E = Vault monster count
 F = Vault count percentage of total count
                 A         B        C        D         E       F
            +---------+---------+-------+---------+---------+-------
      Total |    2430 |     502 |  17.1 |     166 |      54 |  24.5
            +---------+---------+-------+---------+---------+-------
        D:1 |      41 |       0 |   0.0 |      22 |       0 |   0.0
        D:2 |      81 |     231 |  74.0 |      29 |       1 |   3.3
        D:3 |     231 |       0 |   0.0 |      38 |       0 |   0.0
        D:4 |     487 |      35 |   6.7 |      23 |       1 |   4.2
        D:5 |     561 |      40 |   6.7 |      28 |       2 |   6.7
        D:6 |     687 |      34 |   4.7 |      20 |       6 |  23.1
        D:7 |     342 |       0 |   0.0 |       6 |       0 |   0.0
      Sewer |       0 |     162 | 100.0 |       0 |      44 | 100.0
            +---------+---------+-------+---------+---------+-------
